 Dungeon Crawl Stone Soup version bcrawl-1.12-8-g964540c432 (webtiles) character file.

Game seed: 5373033371067207016

58 MisterOstroum the Skirmisher (level 3, -3/29 HPs)
             Began as a Demonspawn Archaeologist on June 6, 2019.
             Was an Initiate of Okawaru.
             Slain by Crazy Yiuf
             ... wielding a +2 quarterstaff of chaos
              (4 damage)
             ... on level 2 of the Dungeon.
             The game lasted 00:04:04 (1912 turns).

MisterOstroum the Skirmisher (DsAc)                 Turns: 1912, Time: 00:04:04

Health: -3/29      AC: 11    Str: 12    XL:     3   Next: 76%
Magic:  3/3        EV:  4    Int: 15    God:    Okawaru [......]
Gold:   95         SH:  0    Dex: 11    Spells: 2/2 levels left

rFire    . . .     SeeInvis .   n - +0 mace
rCold    . . .     Gourm    .   u - +0 buckler
rNeg     . . .     Faith    .   m - +0 scale mail
rPois    .         Spirit   .   b - +1 hat
rElec    .         Reflect  .   (no cloak)
rCorr    .         Harm     .   d - +1 pair of gloves
MR       .....                  c - +1 pair of boots
Stlth    +.........             (no amulet)
HPRegen  0.09/turn              (no ring)
MPRegen  0.08/turn              (no ring)

@: petrifying, studying Maces & Flails, very slow
A: hooves 1
a: Renounce Religion


You were on level 2 of the Dungeon.
You worshipped Okawaru.
Okawaru was noncommittal.
You were not hungry.

You visited 1 branch of the dungeon, and saw 3 of its levels.

You collected 95 gold pieces.

Inventory:

Hand Weapons
 j - a +0 dagger
 n - a +0 mace (weapon)
Missiles
 s - 131 stones (quivered)
Armour
 a - a +1 robe
 b - a +1 hat (worn)
 c - a +1 pair of boots (worn)
 d - a +1 pair of gloves (worn)
 m - a +0 scale mail (worn)
 u - a +0 buckler (worn)
Wands
 t - a wand of disintegration (11)
Scrolls
 i - 2 scrolls of identify {unknown}
 p - a scroll of immolation {unknown}
 q - a scroll of amnesia {unknown}
 r - 3 scrolls of enchant weapon {unknown}
 v - a scroll of teleportation {unknown}
Potions
 h - 5 potions of cancellation {unknown}
 k - 3 potions of degeneration {unknown}
 l - a potion of agility {unknown}
 o - a potion of heal wounds {unknown}
 x - a potion of curing {unknown}
Books
 g - a manual of Maces & Flails
Miscellaneous
 f - an ancient crate
Comestibles
 e - 2 rations {!d}


   Skills:
 + Level 3.6 Fighting
 + Level 0.8 Maces & Flails
 - Level 2.6 Dodging
 - Level 3.0 Stealth


You had 2 spell levels left.
You didn't know any spells.
Your spell library was empty.

Dungeon Overview and Level Annotations

Branches:
Dungeon (3/12)

Altars:
Okawaru

Annotations:
D:2 Crazy Yiuf


Innate Abilities, Weirdness & Mutations

You have large cloven feet.


Message History

You closely miss the leopard gecko.
The leopard gecko is moderately wounded.
The leopard gecko bites you but does no damage.
You hit the leopard gecko.
You kill the leopard gecko!
No target in view!
No target in view!
No target in view!
No target in view!
No target in view!
No target in view!
No target in view!
No target in view!
No target in view!
No target in view!
No target in view!
No target in view!
No target in view!
No target in view!
No target in view!
No target in view!
No target in view!
No target in view!
No target in view!
You see here a +0 club.
You see here a +0 dagger.
Found an iron altar of Okawaru.
You now have 95 gold pieces (gained 21).
There is an iron altar of Okawaru here.
Eating one of 2 chunks of flesh.
You eat one of the 2 chunks of flesh.
This raw flesh tastes terrible.
Key pressed, stopping explore.
All of the chunks of flesh in your inventory have rotted away.
Found a runed whip.
Search for what [? for help]? oka You see here a cursed -1 club.
There is an iron altar of Okawaru here.
You kneel at the altar of Okawaru.
Okawaru welcomes you!
(D) Dungeon
Where to? (Enter - D:2 @ (x,y), ? - help)
There is a stone staircase leading down here.
You climb downwards.
A bullfrog comes into view.
The bullfrog croaks.
Found a scroll labeled QAWALI RUBUST and a leatherbound book.
There is a stone staircase leading up here.
You climb upwards.
There is a stone staircase leading down here.
You see here a runed whip.
Found a mace.
Found two maces.
You see here a mace.
Found a runed mace and two maces.
Found a runed door.
You see here a mace.
You see here a runed mace.
You see here a mace.
You see here a mace.
Partly explored, unopened runed door.
Partly explored, unopened runed door.
You open the door.
Crazy Yiuf the Enlightened comes into view.
He is wielding a +2 quarterstaff of chaos and carrying a wand of iceblast (8).
Crazy Yiuf shouts!
Found a runed mace, six maces and a glowing mace.
Throwing (i - inventory)
s - 132 stones (quivered)
Press: ? - help, Shift-Dir - straight line, f - Crazy Yiuf
Aim: Crazy Yiuf, wielding a +2 quarterstaff of chaos, wearing a +0 cloak and carrying a wand of iceblast (8)
You throw a stone. The stone completely misses Crazy Yiuf.
You hit Crazy Yiuf.
Crazy Yiuf is lightly wounded.
Crazy Yiuf hits you with a +2 quarterstaff of chaos.
You hit Crazy Yiuf.
Crazy Yiuf is moderately wounded.
Crazy Yiuf hits you with a +2 quarterstaff of chaos.
You convulse!
You hit Crazy Yiuf.
Crazy Yiuf is heavily wounded.
Crazy Yiuf closely misses you. Crazy Yiuf hits you but does no damage.
You hit Crazy Yiuf.
Crazy Yiuf is heavily wounded.
Crazy Yiuf completely misses you.
You closely miss Crazy Yiuf.
Crazy Yiuf is heavily wounded.
Crazy Yiuf hits you with a +2 quarterstaff of chaos.
Crazy Yiuf burns you.
* * * LOW HITPOINT WARNING * * *
You hit Crazy Yiuf.
Crazy Yiuf is severely wounded.
Crazy Yiuf says, "Crazy?
Crazy!?
PORCUPINE!"
Crazy Yiuf barely misses you.
You hit Crazy Yiuf.
Crazy Yiuf is almost dead.
Crazy Yiuf hits you with a +2 quarterstaff of chaos!
* * * LOW HITPOINT WARNING * * *
You are slowing down.
Unknown command.
You closely miss Crazy Yiuf.
Crazy Yiuf is almost dead.
Crazy Yiuf hits you with a +2 quarterstaff of chaos!
You die...

##..####.#
#....# #)#
##### #.PP.#
#.# ##...#
##P.)#
#.#####.....
##### ##)##
#...........
#...#####
##)#
######......
#.#.....##
#)## #......
#.#####..#
##)#
#######.....
#.# #..#
#@##
#...........
#.# ##.# #g#
###########.
##.########
))) #..
#.........#
#)))#
##########..
#.........#
#).)#
#...[.......
#.........#
#####
####.#######
#.........#
#..#.# #
#.........##
#....## #
#####.####.#
####...## #


You could see Crazy Yiuf.

Vanquished Creatures
  Jessica (D:2)
  A worm (D:2)
  2 leopard geckos (D:2)
  2 bats
  2 giant cockroaches
  4 goblins
  9 hobgoblins
  A quokka (D:1)
  A rat (D:2)
23 creatures vanquished.

Notes
Turn   | Place    | Note
-------+----------+-------------------------------------------
     0 | D:1      | MisterOstroum the Demonspawn Archaeologist began the quest
                  | for the Orb.
     0 | D:1      | Reached XP level 1. HP: 15/15 MP: 1/1
   614 | D:1      | Gained mutation: You have large cloven feet. [demonic
                  | ancestry]
   614 | D:1      | Reached XP level 2. HP: 16/22 MP: 2/2
  1143 | D:2      | Noticed Jessica
  1153 | D:2      | Killed Jessica
  1153 | D:2      | Reached XP level 3. HP: 17/29 MP: 3/3
  1646 | D:2      | Found an iron altar of Okawaru.
  1823 | D:2      | Became a worshipper of Warmaster Okawaru
  1850 | D:3      | Noticed a bullfrog
  1899 | D:2      | Found a runed door.
  1903 | D:2      | Noticed Crazy Yiuf
  1911 | D:2      | HP: 1/29 [Crazy Yiuf/+2 quarterstaff of chaos (7)]
  1912 | D:2      | Slain by Crazy Yiuf

Skill      XL: |  1  2 |
---------------+-------+-----
Fighting       | 2 3 |  3.6
Maces & Flails | |  0.8
Dodging        | |  2.6
Stealth        | |  3.0

Action                   || total
-------------------------++-------
Melee: Unarmed           ||    92
       Mace              ||    38
       Dagger            ||    10
Throw: Stone             ||     8
 Stab: Sleeping          ||     3
  Eat: Chunk             ||     3
Armor: Robe              ||    64
       Scale mail        ||     6
Dodge: Dodged            ||   141
